 Dungeon Crawl Stone Soup version 0.30.0-29-ga12c61a403 (webtiles) character file.

Game seed: 5779220105967991226

372 booth the Chopper (level 6, -2/41 (51) HPs)
             Began as a Gnoll Reaver on June 3, 2023.
             Slain by an orc
             ... wielding a +0 morningstar
              (5 damage)
             ... on level 3 of the Dungeon.
             The game lasted 00:14:56 (3068 turns).

booth the Chopper (Gnoll Reaver)                    Turns: 3068, Time: 00:14:57

HP:   -2/41 (51)    AC:  4    Str: 13    XL:     6   Next: 71%
MP:   14/14         EV: 12    Int: 13    God:
Gold: 172           SH:  0    Dex: 10    Spells: 7/15 levels left

rFire   + . .        a - +0 hand axe
rCold   x . .        (no shield)
rNeg    . . .        b - +0 leather armour
rPois   .            k - +1 hat
rElec   .            (no cloak)
rCorr   .            (no gloves)
SInv    .            (no boots)
Will    .....        (no amulet)
Stlth   ++           d - ring of fire
HPRegen 0.26/turn    (no ring)
MPRegen 0.14/turn

%: no passive effects
@: heavily drained
A: fangs 1, strong nose, distributed training
a: no special abilities


You were on level 3 of the Dungeon.
You visited 1 branch of the dungeon, and saw 4 of its levels.

You collected 172 gold pieces.

Inventory:

Hand Weapons
 a - a +0 hand axe (weapon)
 o - a +0 flail
Missiles
 l - 6 poisoned darts
Armour
 b - a +0 leather armour (worn)
 k - a +1 hat (worn)
Jewellery
 d - a ring of fire (left hand)
Scrolls
 e - 2 scrolls of teleportation
 j - a scroll of enchant weapon {unknown}
 m - a scroll of fear {unknown}
 n - 2 scrolls of amnesia
Potions
 c - 2 potions of curing
 f - a potion of attraction
 g - a potion of mutation {unknown}
 i - a potion of invisibility


   Skills:
 + Level 5.1 Fighting
 + Level 2.1 Short Blades
 + Level 2.1 Long Blades
 + Level 6.9 Axes
 + Level 2.1 Maces & Flails
 + Level 2.1 Polearms
 + Level 2.1 Staves
 + Level 2.1 Ranged Weapons
 + Level 2.1 Throwing
 + Level 2.1 Armour
 + Level 5.1 Dodging
 + Level 2.1 Stealth
 + Level 2.1 Shields
 + Level 2.1 Unarmed Combat
 + Level 5.4 Spellcasting
 + Level 5.7 Conjurations
 + Level 1.7 Hexes
 + Level 1.7 Summonings
 + Level 1.7 Necromancy
 + Level 1.7 Translocations
 + Level 1.7 Transmutations
 + Level 1.7 Fire Magic
 + Level 1.7 Ice Magic
 + Level 1.7 Air Magic
 + Level 1.7 Earth Magic
 + Level 1.7 Poison Magic
 + Level 2.4 Invocations
 + Level 2.1 Evocations


You had 7 spell levels left.
You knew the following spells:

 Your Spells              Type           Power      Damage    Failure   Level
a - Kiss of Death         Conj/Necr      52%        2d9       4%          1
b - Momentum Strike       Conj/Tloc      26%        3d8       8%          2
c - Hailstorm             Conj/Ice       13%        3d5       14%         3
d - Wereblood             Tmut           8%         N/A       17%         2

Your spell library contained the following spells:

 Spells                   Type           Power      Damage    Failure   Level
 Beastly Appendage        Tmut           16%        N/A       11%         1
 Slow                     Hex            32%        N/A       11%         1
 Confusing Touch          Hex            8%         N/A       32%         3
 Spider Form              Tmut/Pois      8%         N/A       32%         3
 Vampiric Draining        Necr           8%         2d6       32%         3


Dungeon Overview and Level Annotations

Branches:
Dungeon (4/15)
 Temple: D:4-7

Altars:
Uskayaw


Innate Abilities, Weirdness & Mutations

You have very sharp teeth.
Your uncanny sense of smell can sniff out nearby items.
Your experience applies equally to all skills.


Message History

The orc shouts! x2
An orc comes into view. It is wielding a +0 club.
The orc priest misses you.
The orc shouts!
You slash the orc priest!
You kill the orc priest!
An orc priest comes into view. It is wielding a +0 dagger.
There is a stone staircase leading up here.
You climb upwards.
There is a stone staircase leading down here.
You start resting.
HP restored.
You climb downwards.
The orc barely misses you. x2; The orc misses you.
There is a stone staircase leading up here.
You completely miss the orc.
The orc priest shouts!
Your bite misses the orc. You barely miss the orc. You hit the orc.
The orc hits you with a +0 club. The orc closely misses you.
The orc hits you with a +0 morningstar.
You closely miss the orc. Your bite misses the orc. You barely miss the orc.
You hit the orc but do no damage. The orc hits you but does no damage.
The orc hits you with a +2 dagger of freezing.
The orc freezes you. The orc hits you with a +0 morningstar.
You closely miss the orc. You hit the orc. x2
You kill the orc!
The orc hits you with a +0 club.
The orc priest calls down the wrath of Beogh upon you.
Beogh smites you!
* * * LOW HITPOINT WARNING * * *
The orc misses you. The orc hits you with a +0 club.
* * * LOW HITPOINT WARNING * * *
The orc hits you with a +0 morningstar.
* * * LOW HITPOINT WARNING * * *
You climb upwards.
There is a stone staircase leading down here.
You hit the orc but do no damage. Your bite misses the orc.
You barely miss the orc. The orc hits you but does no damage.
The orc hits you with a +0 morningstar.
You die...

#...####........).....########..
##.## ##.......##...#.#### ###
##.# ##..........###...# #..#
##...####...#.##.# #.## #.###
##.#.###.###### #.# #.# #.#.#
#....[.. #.# #.# #.#.# ########
#.# #.#######.#.###### # #.#
#...o@o..........## # #.#
#.#######.#####...# # #.# #.#
#...........#.# # #.# #.#
#.###.###.#_..# # #.#########.#
#.# #.# #.#..## # #...).).....#
#.# #.###....# #
##.####.####.###.###.......## #
....#
#..............###...######
###.#
######.###.#######.........


You could see 2 orcs.

Vanquished Creatures
  Sigmund (D:2)
  An orc priest (D:4)
  Terence (D:3)
  Natasha (D:2)
  4 adders (D:2)
  A worm (D:2)
  2 dart slugs
  An orc (D:4)
  9 bats
  5 endoplasms
  9 giant cockroaches
  9 hobgoblins
  3 jackals (D:3)
  6 ball pythons
  9 frilled lizards
  5 goblins
  6 kobolds
  4 rats
77 creatures vanquished.

Notes
Turn   | Place    | Note
-------+----------+-------------------------------------------
     0 | D:1      | booth the Gnoll Reaver began the quest for the Orb.
     0 | D:1      | Reached XP level 1. HP: 20/20 MP: 6/6
   162 | D:1      | Reached XP level 2. HP: 26/26 MP: 7/7
   166 | D:1      | Learned a level 2 spell: Momentum Strike
   662 | D:1      | Reached skill level 5 in Spellcasting
   662 | D:1      | Reached XP level 3. HP: 29/31 MP: 7/9
   666 | D:1      | Learned a level 3 spell: Hailstorm
   669 | D:1      | Learned a level 2 spell: Wereblood
   985 | D:2      | Reached skill level 1 in Invocations
  1088 | D:2      | Reached skill level 1 in Short Blades
  1088 | D:2      | Reached skill level 1 in Long Blades
  1088 | D:2      | Reached skill level 1 in Maces & Flails
  1088 | D:2      | Reached skill level 1 in Polearms
  1088 | D:2      | Reached skill level 1 in Staves
  1088 | D:2      | Reached skill level 1 in Ranged Weapons
  1088 | D:2      | Reached skill level 1 in Throwing
  1088 | D:2      | Reached skill level 1 in Armour
  1088 | D:2      | Reached skill level 1 in Stealth
  1088 | D:2      | Reached skill level 1 in Shields
  1088 | D:2      | Reached skill level 1 in Unarmed Combat
  1088 | D:2      | Reached skill level 1 in Evocations
  1106 | D:2      | Reached XP level 4. HP: 19/31 MP: 9/11
  1205 | D:2      | Noticed Sigmund
  1222 | D:2      | Killed Sigmund
  1223 | D:2      | Reached skill level 1 in Hexes
  1223 | D:2      | Reached skill level 1 in Summonings
  1223 | D:2      | Reached skill level 1 in Necromancy
  1223 | D:2      | Reached skill level 1 in Translocations
  1223 | D:2      | Reached skill level 1 in Transmutations
  1223 | D:2      | Reached skill level 1 in Fire Magic
  1223 | D:2      | Reached skill level 1 in Ice Magic
  1223 | D:2      | Reached skill level 1 in Air Magic
  1223 | D:2      | Reached skill level 1 in Earth Magic
  1223 | D:2      | Reached skill level 1 in Poison Magic
  1223 | D:2      | Reached XP level 5. HP: 21/43 MP: 9/12
  1223 | D:2      | Reached XP level 6. HP: 24/50 MP: 10/14
  1526 | D:2      | Reached skill level 5 in Fighting
  1526 | D:2      | Reached skill level 5 in Dodging
  1595 | D:2      | Noticed Natasha
  1599 | D:2      | Killed Natasha
  2019 | D:3      | Found a hide-covered altar of Uskayaw.
  2461 | D:3      | Found a faded altar of an unknown god.
  2601 | D:3      | Noticed Terence
  2616 | D:3      | Killed Terence
  3066 | D:4      | HP: 2/41 [orc/+0 morningstar (6)]
  3068 | D:3      | Slain by an orc

Illustrated notes

Levels and vault maps discovered:
D:1:      lemuel_arrival_tunnels, layout_basic, nrook_loot_triangle,
          minmay_distorted
D:2:      layout_loops_ring, st_stairs_10, uniq_sigmund, uniq_natasha
D:3:      layout_loops_ring, eat_drink_and_be_merry_uskayaw,
          ebering_ecumenical_altar_rust, minmay_lizard_king, uniq_terence
D:4:      layout_cave_pools, amcnicky_altar_gilded, sigmund_army

Skill      XL: |  1  2  3  4  5  6 |
---------------+-------------------+-----
Spellcasting   | 5 |  5.4
Invocations    | 1 2 |  2.4
Short Blades   | 1 2 |  2.1
Long Blades    | 1 2 |  2.1
Maces & Flails | 1 2 |  2.1
Polearms       | 1 2 |  2.1
Staves         | 1 2 |  2.1
Ranged Weapons | 1 2 |  2.1
Throwing       | 1 2 |  2.1
Armour         | 1 2 |  2.1
Stealth        | 1 2 |  2.1
Shields        | 1 2 |  2.1
Unarmed Combat | 1 2 |  2.1
Evocations     | 1 2 |  2.1
Hexes          | 1 |  1.7
Summonings     | 1 |  1.7
Necromancy     | 1 |  1.7
Translocations | 1 |  1.7
Transmutations | 1 |  1.7
Fire Magic     | 1 |  1.7
Ice Magic      | 1 |  1.7
Air Magic      | 1 |  1.7
Earth Magic    | 1 |  1.7
Poison Magic   | 1 |  1.7
Fighting       | 5 |  5.1
Dodging        | 5 |  5.1
Axes           | |  6.9
Conjurations   | |  5.7

Action                     |  1- 3 |  4- 6 || total
---------------------------+-------+-------++-------
  Melee: Hand axe          |   108 |   144 ||   252
         Bite              |    10 |    16 ||    26
         Punch             |     1 |     4 ||     5
   Cast: Kiss of Death     |     2 |     4 ||     6
         Momentum Strike   |       |     1 ||     1
    Use: Scroll            |       |     4 ||     4
         Potion            |       |     2 ||     2
   Stab: Distracted        |       |     1 ||     1
         Sleeping          |       |     1 ||     1
 Armour: Leather armour    |    31 |    35 ||    66
  Dodge: Dodged            |    53 |    77 ||   130
